 Dungeon Crawl Stone Soup version 0.29-a0-317-gd16b76e6b1 (webtiles) character file.

Game seed: 9704006934370303953

6522 Bnni the Cleaver (level 11, 0/92 HPs)
             Began as a Formicid Abyssal Knight on Mar 30, 2022.
             Was a High Priest of Lugonu.
             Slain by an orc knight
             ... wielding a +0 war axe
              (18 damage)
             ... in a bailey.
             The game lasted 00:26:04 (13652 turns).

Bnni the Cleaver (Formicid Abyssal Knight)         Turns: 13652, Time: 00:26:05

Health: 0/92       AC: 10    Str: 19    XL:     11   Next: 20%
Magic:  12/12      EV:  8    Int: 11    God:    Lugonu [*****.]
Gold:   303        SH:  0    Dex: 11    Spells: 10/10 levels left

rFire   . . .      SeeInvis +   d - +0 battleaxe
rCold   . . .      Faith    .   w - +0 kite shield
rNeg    + + +      Spirit   .   b - +3 scale mail {rPois}
rPois   +          Reflect  +   (helmet unavailable)
rElec   .          Harm     .   (no cloak)
rCorr   .          Rampage  .   (no gloves)
Will    ++...                   g - +0 pair of boots
Stlth   ..........              y - amulet of Winter {Reflect rPois rN+++ Will+ Str-2 SH+5}
HPRegen 0.25/turn               s - ring of positive energy
MPRegen 0.13/turn               (no ring)

@: confused, ambrosia-drunk, invisible
A: permanent stasis, dig shafts and tunnels, antennae 3, four strong arms
a: Dig, Renounce Religion, Depart the Abyss, Bend Space, Banish, Corrupt, Enter
the Abyss


You were in a bailey.
You worshipped Lugonu.
Lugonu was extremely pleased with you.
You visited 1 branch of the dungeon, and saw 8 of its levels.
You visited the Abyss 1 time.
You also visited: Sewer and Bailey.

You collected 303 gold pieces.

Inventory:

Hand Weapons
 d - a +0 battleaxe (weapon)
Missiles
 o - 4 poisoned darts
 p - 2 curare-tipped darts
Armour
 b - a +3 scale mail of poison resistance (worn)
 g - a +0 pair of boots (worn)
 w - a +0 kite shield (worn)
Jewellery
 s - a ring of positive energy (left hand)
 y - the amulet of Winter (around neck) {Reflect rPois rN+++ Will+ Str-2 SH+5}
   (You acquired it in a bailey)

   [amulet of reflection]

   It reflects blocked missile attacks.
   Str:       It affects your strength (-2).
   rPois:     It protects you from poison.
   rN:        It renders you almost immune to negative energy.
   SH:        It affects your SH (+5).
   Will:      It increases your willpower.
Wands
 j - a wand of iceblast (10)
 l - a wand of flame (19)
 n - a wand of polymorph (12)
Scrolls
 k - a scroll of enchant weapon
 m - a scroll of fog
 t - a scroll of silence
 x - a scroll of fear
Potions
 a - a potion of ambrosia
 c - a potion of magic
 e - 3 potions of flight
 f - 3 potions of cancellation
 h - 4 potions of attraction
 q - a potion of lignification
 r - 3 potions of resistance
 v - a potion of brilliance


   Skills:
 + Level 10.6 Fighting
 * Level 13.1 Axes
 - Level 2.1 Armour
 - Level 0.8 Dodging
 * Level 4.0 Shields
 - Level 2.1 Invocations


You had 10 spell levels left.
You didn't know any spells.
Your spell library contained the following spells:

 Spells                   Type           Power      Damage    Failure   Level
 Stone Arrow              Conj/Erth      0%         3d7       100%        3
 Animate Armour           Summ/Erth      0%         N/A       100%        4
 Passage of Golubria      Tloc           0%         N/A       100%        4
 Silence                  Hex/Air        0%         N/A       100%        5
 Lehudib's Crystal Spear  Conj/Erth      0%         10d2      100%        8


Dungeon Overview and Level Annotations

Branches:
Dungeon (8/15)             Temple (0/1) D:4           Sewer (visited)
 Bailey (1/1)
   Lair: D:8-11

Altars:
Cheibriados
Dithmenos
The Shining One


Innate Abilities, Weirdness & Mutations

You cannot be hasted, slowed, berserked, paralysed or teleported.
You can dig through walls and to a lower floor.
You have a pair of large antennae on your head. (SInv)
Your four strong arms can wield two-handed weapons with a shield.


Message History

You closely miss the orc knight.
The orc knight is heavily wounded.
You barely miss the orc warrior.
The orc knight roars a battlecry!
The orc warrior goes into a battle-frenzy!
The orc warrior hits you with a +0 war axe!
Unknown command.
You slash the orc warrior!
The orc warrior is heavily wounded.
You hit the orc knight but do no damage.
The orc knight hits you with a +0 war axe!
You block the orc warrior's attack.
You slash the orc warrior!
The orc warrior is almost dead.
You hit the orc knight. You block the orc knight's attack.
The orc warrior barely misses you.
The orc knight hits you with a +0 war axe!
You block the orc warrior's attack.
You closely miss the orc warrior.
The orc warrior is almost dead.
You closely miss the orc knight. You block the orc warrior's attack.
The orc knight hits you with a +0 war axe!!
* * * LOW HITPOINT WARNING * * *
Unknown command.
Okay, then.
You completely miss the orc knight.
The orc knight is heavily wounded.
You slash the orc warrior!
You kill the orc warrior!
Lugonu accepts your kill. The white imp gestures at you.
The puff of frost hits the kobold demonologist.
The orc knight hits you but does no damage.
Your Shields skill increases to level 4!
It was a potion of ambrosia.
You are confused.
You feel invigorated.
The kobold demonologist shouts!
The orc knight hits you with a +0 war axe!!
You die... ≈≈≈≈≈≈.#.8...#.....#...8.#.≈≈≈≈≈≈ ≈≈≈≈≈≈.#.....#######.....#.≈≈≈≈≈≈ ≈≈≈≈≈≈.#.8#############8.#.≈≈≈≈≈≈ ≈≈≈≈≈≈.#..# ......... #..#.≈≈≈≈≈≈ ≈≈≈≈≈≈.#.8# ....... #8.#.≈≈≈≈≈≈ ≈≈≈≈≈≈.#..# .5_5. #).#.≈≈≈≈≈≈ ≈≈≈≈≈≈.##)# g5K{

#)##.≈≈≈≈≈≈ ≈≈≈≈≈≈.#.)# ##o##
#..#.≈≈≈≈≈≈ ≈≈≈≈≈≈.#..# #.@)#
#..#.≈≈≈≈≈≈ ≈≈≈≈≈≈.#..# #...#
#..#.≈≈≈≈≈≈ ≈≈≈≈≈≈.#..# #8.8#
#..#.≈≈≈≈≈≈ ≈≈≈≈≈≈.#))# #...#
#..#.≈≈≈≈≈≈
≈≈≈≈≈#'#)##+###8.8###+##'#'#≈≈≈≈≈
≈≈≈≈≈#....#?!.#...#...#....#≈≈≈≈≈
≈≈≈≈≈#....#!?.#...#...#.)..#≈≈≈≈≈
≈≈≈≈≈###..######)######).###≈≈≈≈≈
≈≈≈≈ #."...)....∩........'.# ≈≈≈≈


You could see an orc knight (can't see you), a kobold demonologist (can't see
you), an iron imp (summoned, can't see you), a gnoll (can't see you), a white
imp (summoned, can't see you) and a shadow imp (summoned, can't see you).

Vanquished Creatures
  A kobold demonologist (Bailey)
  Grinder (D:3)
  Prince Ribbit (D:7)
  Sigmund (D:6)
  A wyvern (D:7)
  Eustachio (D:6)
  2 steam dragons (D:7)
  Edmund (D:6)
  3 water moccasins
  Pargi (D:2)
  10 orc warriors
  3 ice beasts
  3 ogres
  4 centaurs
  2 phantoms
  Blork the orc (D:6)
  5 bullfrogs
  3 kobold brigands
  2 gnoll sergeants (D:7)
  5 necrophages
  5 scorpions
  8 wights
  A killer bee (D:7)
  4 electric eels (Bailey)
  6 hounds
  2 orc priests
  A jelly (D:7)
  4 iguanas
  Terence (D:3)
  4 orc wizards
  15 gnolls
  3 adders
  2 shadow imps
  2 white imps (D:7)
  2 worms
  2 dart slugs
  21 orcs
  4 ball pythons
  7 endoplasms
  8 giant cockroaches
  10 goblins
  10 hobgoblins
  8 jackals
  18 kobolds
  6 quokkas
  6 bats
  2 frilled lizards
  5 rats
218 creatures vanquished.

Notes
Turn   | Place    | Note
-------+----------+-------------------------------------------
     0 | Abyss:1  | Bnni the Formicid Abyssal Knight began the quest for the
                  | Orb.
     0 | Abyss:1  | Reached XP level 1. HP: 18/18 MP: 2/2
    15 | D:1      | Escaped the Abyss
   131 | D:1      | Reached XP level 2. HP: 21/24 MP: 3/3
   497 | D:1      | Reached XP level 3. HP: 29/29 MP: 4/4
   599 | D:1      | Found a faded altar of an unknown god.
   709 | D:1      | Reached skill level 3 in Axes
  1031 | D:2      | Reached *** piety under Lugonu
  1375 | D:2      | Reached XP level 4. HP: 29/37 MP: 5/5
  2548 | D:3      | Noticed Terence
  2838 | D:3      | HP: 1/37 [Terence/+0 short sword (4)]
  2841 | D:3      | Killed Terence
  2842 | D:3      | Reached skill level 4 in Axes
  2842 | D:3      | Reached XP level 5. HP: 13/42 MP: 6/6
  3116 | D:3      | Noticed Pargi
  3116 | D:3      | Noticed Grinder
  4217 | D:3      | Killed Grinder
  4218 | D:3      | Reached skill level 5 in Fighting
  4218 | D:3      | Reached skill level 5 in Axes
  4218 | D:3      | Reached XP level 6. HP: 24/51 MP: 7/7
  4451 | D:2      | Killed Pargi
  4452 | D:2      | Reached XP level 7. HP: 16/56 MP: 8/8
  4696 | D:3      | Reached skill level 6 in Axes
  5016 | D:4      | Found a staircase to the Ecumenical Temple.
  5134 | D:4      | You fall into a shaft and drop 1 floor!
  5134 | D:5      | Entered Level 5 of the Dungeon
  5307 | D:5      | Found a glowing drain.
  5317 | D:5      | Reached skill level 7 in Axes
  5317 | D:5      | Reached XP level 8. HP: 57/64 MP: 9/9
  5355 | D:5      | Reached **** piety under Lugonu
  5411 | Sewer    | Entered a sewer
  5934 | D:5      | Reached skill level 8 in Axes
  6867 | D:6      | Reached XP level 9. HP: 51/72 MP: 10/10
  7018 | D:6      | Reached skill level 9 in Axes
  7127 | D:6      | Noticed Sigmund
  7170 | D:6      | Killed Sigmund
  7323 | D:6      | Reached skill level 10 in Axes
  7392 | D:6      | Noticed Edmund
  7399 | D:6      | Killed Edmund
  7992 | D:6      | Noticed Eustachio
  8007 | D:6      | Killed Eustachio
  8008 | D:6      | Reached XP level 10. HP: 34/82 MP: 11/11
  8267 | D:6      | Noticed Blork the orc
  8274 | D:6      | Killed Blork the orc
  8419 | D:7      | Reached skill level 11 in Axes
  8674 | D:7      | Found a snail-covered altar of Cheibriados.
  9590 | D:7      | Found a shadowy altar of Dithmenos.
  9595 | D:7      | Reached skill level 12 in Axes
 10100 | D:7      | Noticed Prince Ribbit
 10113 | D:7      | Killed Prince Ribbit
 10114 | D:7      | Reached skill level 10 in Fighting
 10447 | D:7      | Found a glowing golden altar of the Shining One.
 11228 | D:8      | Found a flagged portal.
 11299 | Bailey   | Entered a bailey
 11454 | Bailey   | Reached skill level 1 in Shields
 11568 | Bailey   | Reached ***** piety under Lugonu
 11651 | Bailey   | Reached XP level 11. HP: 64/92 MP: 12/12
 12635 | Bailey   | Reached skill level 13 in Axes
 12774 | Bailey   | Acquired the amulet of Winter {Reflect rPois rN+++ Will+
                  | Str-2 SH+5}
 13640 | Bailey   | Found an iron altar of Okawaru.
 13640 | Bailey   | Noticed an orc knight
 13652 | Bailey   | Slain by an orc knight

Illustrated notes

Levels and vault maps discovered:
D:1:      dpeg_arrival_signposts, layout_rooms, ebering_ecumenical_altar_webs
D:2:      layout_basic, minmay_tetromino_s2
D:3:      layout_basic, amcnicky_mini_rare_corridor_liquid, uniq_terence,
          uniq_pargi, uniq_grinder
D:4:      layout_basic, nicolae_hepliaklqana_monster_ancestors,
          minmay_temple_entry_mist, kennysheep_minor_cross, uniq_pikel
D:5:      layout_cave_pools, cheibrodos_sewer_entry_drain
D:6:      layout_rooms, uniq_blork_the_orc, uniq_sigmund, uniq_edmund,
          uniq_eustachio
D:7:      minmay_s_stair_smasher, layout_basic, mainiacjoe_overflow_alcove_2,
          mainiacjoe_overflow_concentric_impassable,
          mainiacjoe_overflow_tiny_flanked, uniq_prince_ribbit1
D:8:      layout_loops_corners, mainiacjoe_overflow_chevrons,
          nicolae_uskayaw_suspiria, enter_bailey_2, serial_shops, shop,
          nicolae_stop_n_shop_1, shop_statue, uniq_maurice
Bailey:   bailey_axe_of_yendor_kennysheep, bailey

Skill      XL: |  1  2  3  4  5  6  7  8  9 10 11 |
---------------+----------------------------------+-----
Axes           | 3 4 5 7 8 10 12 13 | 13.1
Fighting       | 4 5 6 7 8 10 | 10.6
Shields        | 1 4 |  4.0
Armour         | |  2.1
Dodging        | |  0.8
Invocations    | |  2.1

Action                   |  1- 3 |  4- 6 |  7- 9 | 10-12 || total
-------------------------+-------+-------+-------+-------++-------
Melee: Hand axe          |    98 |   109 |       |       ||   207
       Punch             |     1 |     1 |     6 |     3 ||    11
       Battleaxe         |       |    41 |   300 |   306 ||   647
Throw: Dart              |       |       |     2 |     2 ||     4
Invok: Bend Space        |       |     5 |     1 |     1 ||     7
 Abil: Dig               |     1 |     2 |     1 |     4 ||     8
  Use: Scroll            |     2 |     7 |     9 |     6 ||    24
       Potion            |       |     4 |     2 |     2 ||     8
 Stab: Distracted        |       |       |       |     1 ||     1
       Invisible         |       |       |       |     1 ||     1
Armor: Leather armour    |    20 |       |       |       ||    20
       Ring mail         |    20 |    15 |       |       ||    35
       Skin              |       |    32 |       |       ||    32
       Scale mail        |       |   118 |   174 |    93 ||   385
Dodge: Dodged            |    52 |   106 |   191 |   149 ||   498
Block: Kite shield       |       |       |       |    52 ||    52

Table legend: (Time is in decaauts)
 A = Elapsed time spent in this place.
 B = Non-inter-level travel time spent in this place.
 C = Inter-level travel time spent in this place.
 D = Time resting spent in this place.
 E = Time spent auto-exploring this place.
 F = Levels seen in this place.
 G = Mean time per level.
                   A        B        C        D        E       F      G
               +--------+--------+--------+--------+--------+-----+--------+
         Total |  13843 |  13651 |    192 |   5094 |   6145 |  11 | 1258.5 |
       Dungeon |  11061 |  10869 |    192 |   2947 |   6029 |   8 | 1382.6 |
         Abyss |     15 |     15 |      0 |      0 |      0 |   1 |   15.0 |
         Sewer |    390 |    390 |      0 |    227 |     73 |   1 |  390.0 |
        Bailey |   2376 |   2376 |      0 |   1920 |     43 |   1 | 2376.0 |
               +--------+--------+--------+--------+--------+-----+--------+

Top non-repeatable levels by time:
     D:7: 2613 daAuts
  Bailey: 2376 daAuts
     D:2: 1950 daAuts
     D:6: 1812 daAuts
     D:3: 1486 daAuts
     D:1: 1450 daAuts
     D:5: 1379 daAuts
   Sewer: 390 daAuts
     D:4: 297 daAuts
     D:8: 71 daAuts
 Abyss:1: 15 daAuts
